 Dungeon Crawl Stone Soup version 0.26.1-11-gd32895ea62 (webtiles) character file.

Game seed: 15620962440721786857

1231468 Bombadill the Sorcerer (level 27, 231/231 HPs)
             Began as a Mummy Conjurer on Apr 29, 2021.
             Was the Champion of Dithmenos.
             Escaped with the Orb
             ... and 3 runes on May 5, 2021!
             The game lasted 15:55:58 (171789 turns).

Bombadill the Sorcerer (Mummy Conjurer)           Turns: 171789, Time: 15:55:59

Health: 231/231    AC: 31    Str: 17 (19) XL:     27
Magic:  49/49      EV: 13    Int: 29 (31) God:    Dithmenos [******]
Gold:   5045       SH: 13    Dex: 17      Spells: 14/70 levels left

rFire    + + +     SeeInvis .   S - staff of conjuration
rCold    + + +     Faith    .   A - +3 buckler {AC+3}
rNeg     + + +     Spirit   .   r - +6 scale mail {rF+}
rPois    ∞         Reflect  +   h - +2 helmet of Foezxen {rElec}
rElec    +         Harm     .   z - +2 cloak {rCorr}
rCorr    +         Rampage  .   l - +2 pair of gloves
Will     +++++                  q - +2 pair of boots {run}
Stlth    +.........             o - amulet "Poloh" {Reflect rF+++ Will+ Int+4 SH+5 Stlth-}
HPRegen  0.48/turn              U - ring of Sophism {+Fly rF+ rC+ Str+3 Dex+6}
MPRegen  0.31/turn              Z - ring "Zeniru" {Ice Will+ Str+3 Stlth+}

@: wreathed by umbra, quick
A: no potions, fire vulnerability, cold resistance 1, negative energy resistance
3, torment resistance, unbreathing, in touch with death 2
0: Orb of Zot
}: 3/15 runes: barnacled, slimy, gossamer
a: Renounce Religion, Evoke Flight, Shadow Step, Shadow Form


You escaped.
You worshipped Dithmenos.
Dithmenos was exalted by your worship.
You visited 11 branches of the dungeon, and saw 56 of its levels.
You also visited: Trove, Sewer and Bailey.

You collected 9648 gold pieces.
You spent 4603 gold pieces at shops.

Inventory:

Hand Weapons
 m - the +3 dagger "Heteclimol" {flame, rN+ Str+2 Dex+3}
   (You bought it in a shop on level 2 of the Orcish Mines)

   It has been specially enchanted to burn those struck by it, causing extra
   injury to most foes and up to half again as much damage against particularly
   susceptible opponents.
   It affects your strength (+2).
   It affects your dexterity (+3).
   It protects you from negative energy.
 u - the +7 sceptre of Torment {pain, torment}
   (You found it on level 3 of the Crypt)

   In the hands of one skilled in necromantic magic, it inflicts extra damage on
   living creatures.
 I - a +1 vampiric demon trident
Missiles
 c - 55 silver javelins
 e - 10 throwing nets
 E - 22 curare-tipped darts
 N - 14 boomerangs of dispersal
Armour
 h - the +2 helmet of Foezxen (worn) {rElec}
   (You found it on level 1 of the Vaults)

   It insulates you from electricity.
 l - a +2 pair of gloves (worn)
 q - a +2 pair of boots of running (worn)
 r - a +6 scale mail of fire resistance (worn)
 z - a +2 cloak of preservation (worn)
 A - a +3 buckler of protection (worn)
Magical Staves
 S - an uncursed staff of conjuration (weapon)
Jewellery
 f - an uncursed ring of wizardry
 j - the ring "Vyuczuta" {rN+ Str+4 Slay+2 SInv}
   (You found it on level 3 of the Crypt)

   [ring of positive energy]

   It affects your strength (+4).
   It affects your accuracy and damage with ranged weapons and melee attacks
   (+2).
   It protects you from negative energy.
   It lets you see invisible.
 o - the amulet "Poloh" (around neck) {Reflect rF+++ Will+ Int+4 SH+5 Stlth-}
   (You acquired it on level 2 of the Vaults)

   [amulet of reflection]

   It shields you and reflects attacks.
   It affects your intelligence (+4).
   It renders you almost immune to fire.
   It affects your willpower, your defense against some magical effects.
   It affects your SH (+5).
   It makes you less stealthy.
 p - the ring "Docuxuch" {rN+ Will++ Str-2 Dex+6}
   (You found it on level 3 of the Crypt)

   [ring of positive energy]

   It affects your strength (-2).
   It affects your dexterity (+6).
   It protects you from negative energy.
   It affects your willpower, your defense against some magical effects.
 s - an uncursed ring of protection from fire
 U - the ring of Sophism (left hand) {+Fly rF+ rC+ Str+3 Dex+6}
   (You bought it in a shop on level 11 of the Dungeon)

   [ring of dexterity]

   It affects your strength (+3).
   It affects your dexterity (+6).
   It protects you from fire.
   It protects you from cold.
   It lets you fly.
 Z - the ring "Zeniru" (right hand) {Ice Will+ Str+3 Stlth+}
   (You took it off a merfolk siren on level 4 of the Shoals)

   [ring of ice]

   It enhances your ice magic.
   It affects your strength (+3).
   It makes you vulnerable to fire.
   It protects you from cold.
   It affects your willpower, your defense against some magical effects.
   It makes you more stealthy.
Wands
 a - a wand of acid (27)
 i - a wand of digging (19)
 t - a wand of paralysis (85)
 x - a wand of flame (86)
 G - a wand of disintegration (20)
 O - a wand of enslavement (21)
 R - a wand of polymorph (24)
 W - a wand of iceblast (25)
Scrolls
 b - 16 scrolls of fog
 d - 30 scrolls of remove curse
 g - 13 scrolls of immolation
 k - 6 scrolls of enchant armour
 n - 20 scrolls of teleportation
 v - 6 scrolls of blinking
 w - 15 scrolls of identify
 B - 3 scrolls of fear
 F - a scroll of torment
 H - 10 scrolls of amnesia
 Q - 4 scrolls of silence
 T - 2 scrolls of vulnerability
Miscellaneous
 y - a box of beasts
 C - a phantom mirror
 D - a condenser vane
 J - a box of beasts
 M - a lightning rod (4/4)
 P - a phial of floods
 Y - a tin of tremorstones (2/2)


   Skills:
 - Level 22.1 Fighting
 - Level 10.0 Armour
 - Level 6.0 Dodging
 - Level 4.0 Stealth
 - Level 4.0 Shields
 + Level 22.2 Spellcasting
 - Level 20.0 Conjurations
 - Level 12.0 Hexes
 - Level 12.0 Necromancy
 - Level 6.0 Translocations
 - Level 1.0 Fire Magic
 - Level 12.0 Earth Magic
 - Level 8.0 Poison Magic
 - Level 14.0 Invocations
 - Level 10.0 Evocations


You had 14 spell levels left.
You knew the following spells:

 Your Spells              Type           Power        Failure   Level
a - Magic Dart            Conj           100%         0%          1
b - Searing Ray           Conj           100%         0%          2
c - Orb of Destruction    Conj           61%          1%          7
d - Iron Shot             Conj/Erth      56%          1%          6
e - Tukima's Dance        Hex            80%          1%          3
f - Fulminant Prism       Conj/Hex       56%          1%          4
h - Iskenderun's Mystic   Conj/Tloc      100%         1%          4
i - Mephitic Cloud        Conj/Pois/Air  92%          1%          3
k - Animate Dead          Necr           62%          1%          4
l - Borgnjor's Vile Clut  Necr/Erth      62%          1%          5
m - Invisibility          Hex            80%          3%          6
n - Blink                 Tloc           N/A          1%          2
o - Passage of Golubria   Tloc           N/A          2%          4
p - Fireball              Conj/Fire      48%          1%          5

Your spell library contained the following spells:

 Spells                   Type           Power        Failure   Level
 Dazzling Flash           Conj/Hex       100%         0%          3
 Stone Arrow              Conj/Erth      100%         0%          3
 Animate Skeleton         Necr           100%         1%          1
 Apportation              Tloc           100%         1%          1
 Corona                   Hex            88%          1%          1
 Foxfire                  Conj/Fire      100%         1%          1
 Pain                     Necr           100%         1%          1
 Sandblast                Erth           100%         1%          1
 Shock                    Conj/Air       100%         1%          1
 Sting                    Tmut/Pois      100%         1%          1
 Corpse Rot               Necr/Air       N/A          1%          2
 Ensorcelled Hibernation  Hex/Ice        100%         1%          2
 Passwall                 Tmut/Erth      50%          1%          2
 Poisonous Vapours        Pois/Air       100%         1%          2
 Slow                     Hex            80%          1%          2
 Confusing Touch          Hex            80%          1%          3
 Conjure Flame            Conj/Fire      96%          1%          3
 Gell's Gravitas          Tloc           30%          1%          3
 Inner Flame              Hex/Fire       63%          1%          3
 Lesser Beckoning         Tloc           30%          1%          3
 Portal Projectile        Hex/Tloc       100%         1%          3
 Static Discharge         Conj/Air       94%          1%          3
 Teleport Other           Tloc           61%          1%          3
 Vampiric Draining        Necr           62%          1%          3
 Cause Fear               Hex            40%          1%          4
 Dispel Undead            Necr           100%         1%          4
 Hailstorm                Conj/Ice       100%         1%          4
 Leda's Liquefaction      Hex/Erth       40%          1%          4
 Olgreb's Toxic Radiance  Pois           68%          1%          4
 Sticky Flame             Conj/Fire      96%          1%          4
 Agony                    Necr           100%         1%          5
 Bolt of Magma            Conj/Fire/Erth 48%          1%          5
 Excruciating Wounds      Necr           62%          1%          5
 Irradiate                Conj/Tmut      47%          1%          5
 Iskenderun's Battlesphe  Conj           100%         1%          5
 Lee's Rapid Deconstruct  Erth           40%          1%          5
 Lightning Bolt           Conj/Air       47%          1%          5
 Ignite Poison            Fire/Tmut/Pois 49%          2%          3
 Petrify                  Tmut/Erth      61%          2%          4
 Freeze                   Ice            100%         3%          1
 Summon Small Mammal      Summ           100%         3%          1
 Death Channel            Necr           62%          3%          6
 Call Imp                 Summ           32%          4%          2
 Swiftness                Air            32%          4%          2
 Starburst                Conj/Fire      48%          6%          6
 Metabolic Englaciation   Hex/Ice        39%          7%          5
 Silence                  Hex/Air        30%          7%          5
 Summon Mana Viper        Hex/Summ       61%          7%          5
 Yara's Violent Unravell  Hex/Tmut       30%          7%          5
 Conjure Ball Lightning   Conj/Air       47%          8%          6
 Call Canine Familiar     Summ           32%          9%          3
 Frozen Ramparts          Ice            96%          9%          3
 Ozocubu's Armour         Ice            48%          9%          3
 Alistair's Intoxication  Tmut/Pois      35%          16%         5
 Summon Forest            Summ/Tloc      24%          24%         5
 Lehudib's Crystal Spear  Conj/Erth      56%          26%         8
 Airstrike                Air            16%          28%         4
 Summon Ice Beast         Ice/Summ       48%          28%         4
 Summon Lightning Spire   Summ/Air       32%          28%         4
 Freezing Cloud           Conj/Ice/Air   51%          28%         6
 Dispersal                Tloc           30%          36%         6
 Simulacrum               Ice/Necr       61%          36%         6
 Spellforged Servitor     Conj/Summ      47%          38%         7
 Summon Demon             Summ           16%          63%         5
 Eringya's Noxious Bog    Tmut/Pois      26%          65%         6
 Discord                  Hex            40%          80%         8
 Chain Lightning          Conj/Air       47%          97%         8
 Shadow Creatures         Summ           N/A          99%         6
 Summon Greater Demon     Summ           16%          100%        7
 Summon Hydra             Summ           16%          100%        7
 Disjunction              Tloc           30%          100%        8
 Ignition                 Fire           19%          100%        8
 Absolute Zero            Ice            24%          100%        9
 Fire Storm               Conj/Fire      48%          100%        9
 Shatter                  Erth           40%          100%        9
 Tornado                  Air            16%          100%        9
 Sublimation of Blood     Necr           Unusable     N/A         2
 Spider Form              Tmut/Pois      Unusable     N/A         3
 Beastly Appendage        Tmut           Unusable     N/A         1
 Wereblood                Tmut           Unusable     N/A         2
 Ice Form                 Ice/Tmut       Unusable     N/A         4
 Statue Form              Tmut/Erth      Unusable     N/A         6
 Blade Hands              Tmut           Unusable     N/A         5
 Hydra Form               Tmut           Unusable     N/A         6
 Dragon Form              Tmut           Unusable     N/A         7

Dungeon Overview and Level Annotations

Branches:
Dungeon (15/15)            Temple (0/1) D:5            Lair (6/6) D:11
 Shoals (4/4) Lair:2       Spider (4/4) Lair:3        Slime (5/5) Lair:6
    Orc (2/2) D:11            Elf (3/3) Orc:2        Vaults (4/5) D:13
  Crypt (3/3) Vaults:3       Tomb (0/3) Crypt:3      Depths (5/5) D:15
    Zot (5/5) Depths:5      Sewer (visited)          Bailey (visited)

Altars:
Ashenzari
Dithmenos
Kikubaaqudgha
Makhleb
Okawaru
Ru
Sif Muna
Trog
Xom

Shops:
D:7 [   D:9 ?   D:11 [=   Orc:1 [   Orc:2 =(*=   Elf:3 [   Shoals:1 *
Vaults:1 =

Portals:
Hell: Depths:1 Depths:2 Depths:3 Depths:4 Depths:5
Abyss: Depths:2 Depths:4
Pandemonium: Depths:1 Depths:3 Depths:4
Ziggurat: Depths:5

Annotations:
D:7 1 runed translucent door, Crazy Yiuf
Shoals:3 2 transporters, dohliylev's ghost, adept MiBe
Shoals:4 2 transporters, 1 exclusion, sankara's ghost, adept MiFi
Spider:2 3 runed translucent doors, exclusion: 3 doors, Viti's ghost, journeyman SpAM
Spider:3 exclusion: downstairs
Orc:1 1 runed translucent door, GrimJard's ghost, journeyman HOAK
Elf:2 3 runed translucent doors
Vaults:3 exclusion: downstairs
Vaults:4 exclusion: 3 downstairs
Zot:3 2 transporters


Innate Abilities, Weirdness & Mutations

You do not drink.
Your flesh is vulnerable to fire.
You are immune to poison.
Your flesh is cold resistant. (rC+)
You are immune to negative energy. (rN+++)
You are immune to unholy pain and torment.
You can survive without breathing.
You are strongly in touch with the powers of death.


Message History

There is a stone staircase leading down here.
(D) Dungeon (T) Temple (L) Lair (A) Shoals (N) Spider Nest (M) Slime Pits (O) Orcish Mines (E) Elven Halls (V) Vaults (C) Crypt (W) Tomb (U) Depths (H) Hell (Z) Zot
Where to? (Enter - D:1 @ (x,y), ? - help) Magic restored.
You see here a +0 club.
There is a stone staircase leading up here.
You climb upwards.
There is a stone staircase leading down here.
There is a stone staircase leading up here.
You climb upwards.
There is a stone staircase leading down here.
There is an open gate here.
An Executioner and a large abomination come into view.
The Executioner moves out of view.
There is an open door here.
There is a staircase leading out of the dungeon here.
You have escaped!

##♣..............♣#
....♣.♣#''1#♣♣....#
...♣♣###...###♣♣.♣#
..♣♣ #......!# ♣♣♣
.♣####..8....####
###..#.......#..###
#....#.8...8.'....#
#....#...⌠...#....#
#.⌠..'.....8.#..@.#
#....#.......#....#
###################


There were no monsters in sight!

Vanquished Creatures
  the Royal Jelly (Slime:5)
  8 orbs of fire
  Mennas (Depths:3)
  A juggernaut (Depths:3)
  5 ancient liches
  Sojobo (Depths:4)
  Boris (Depths:3)
  Frederick (Crypt:1)
  Margery (Depths:3)
  4 Killer Klowns (Zot:5)
  8 golden dragons
  A curse toe (Zot:1)
  Nikola (Elf:1)
  A caustic shrike (Depths:4)
  the Enchantress (Depths:4)
  2 bone dragons
  Jory (Depths:3)
  2 electric golems (Zot:5)
  Arachne (Spider:3)
  14 tentacled monstrosities
  An Ice Fiend (Zot:1)
  6 liches
  Asterion (Vaults:1)
  27 Orb Guardians
  2 titans
  A deep elf master archer (Elf:3)
  5 quicksilver dragons
  29 acid blobs
  An ancient champion (Crypt:1)
  Gastronok (Lair:2)
  9 death cobs
  12 storm dragons
  5 shadow dragons
  7 sphinxes
  6 tengu reavers
  2 revenants
  11 azure jellies
  5 fire giants
  3 draconian monks
  6 vault wardens
  7 ghost moths
  14 frost giants
  4 draconian scorchers
  2 draconian shifters (Zot:3)
  Louise (Depths:2)
  9 deep elf sorcerers
  Aizul (Spider:2)
  3 draconian knights
  8 spriggan defenders
  12 emperor scorpions
  2 curse skulls
  6 ghouls
  2 orc warlords
  3 war gargoyles (Crypt:3)
  2 draconian stormcallers
  10 stone giants
  27 very ugly things
  Nessos (D:15)
  7 deep elf elementalists
  9 draconian annihilators
  9 ironheart preservers
  5 black draconians
  4 deep elf demonologists
  6 vampire knights
  3 green draconians
  3 entropy weavers
  Azrael (Elf:1)
  8 spark wasps
  6 deep elf annihilators
  8 purple draconians
  7 yellow draconians
  4 white draconians
  The ghost of Oluanan the Fighter, a journeyman DsFi of Hepliaklqana (Lair:3)
  10 red draconians
  A spark wasp (shapeshifter) (Depths:2)
  8 death oozes (Slime:5)
  4 deep elf death magi
  4 ettins
  3 eidola
  6 merfolk javelineers
  15 fire dragons
  5 merfolk impalers
  Josephine (Orc:1)
  7 jiangshi
  13 yaktaur captains
  7 deep elf high priests
  A crystal guardian (Vaults:4)
  10 great orbs of eyes
  3 rakshasas
  A monstrous demonspawn (Zot:1)
  A quicksilver dragon skeleton (Crypt:1)
  11 ogre magi
  14 ice dragons
  2 hell beasts
  9 hydras
  A hydra (shapeshifter) (Vaults:4)
  3 ghost crabs (Depths:4)
  4 spriggan air magi
  4 vault guards (Vaults:1)
  A catoblepas (D:14)
  23 boulder beetles
  5 death knights
  5 merfolk avatars
  An alligator snapping turtle (Shoals:4)
  4 merfolk aquamancers
  A satyr (Shoals:4)
  21 centaur warriors
  5 death yaks
  37 two-headed ogres
  13 deep troll shamans
  5 orc high priests (Orc:2)
  5 tengu warriors
  9 vampire magi
  13 spriggan berserkers
  18 deep troll earth magi
  A storm dragon zombie (Crypt:1)
  Sonja (D:10)
  A soul eater (D:12)
  9 deep elf knights
  A storm dragon skeleton (Crypt:1)
  A fire crab (shapeshifter) (D:15)
  3 iron trolls
  A sixfirhy (Zot:1)
  10 hell knights
  7 skeletal warriors
  3 shadow wraiths
  A titan skeleton (Depths:4)
  4 unseen horrors
  A salamander mystic (Depths:3)
  11 sea snakes
  A golden dragon zombie (Crypt:1)
  A glowing orange brain (Depths:1)
  36 deep trolls
  13 deep elf archers
  9 flayed ghosts
  A quicksilver dragon simulacrum (Crypt:1)
  An anaconda zombie (Crypt:2)
  2 bog bodies
  An anaconda skeleton (Crypt:1)
  19 orc knights
  18 harpies
  2 wizards
  A lindwurm (Lair:6)
  17 phantasmal warriors
  12 ironbrand convokers
  3 oklob plants (Lair:3)
  2 orc sorcerers
  13 orb spiders
  43 deep elf magi
  10 necromancers
  An iron giant skeleton (Crypt:2)
  6 shining eyes
  2 frost giant zombies (Crypt:3)
  A manticore (shapeshifter) (Vaults:3)
  2 wolf spider zombies
  4 salamanders
  10 manticores
  39 ugly things
  38 wolf spiders
  6 cyclopes
  7 elephants
  A stone giant zombie (Crypt:1)
  27 moths of wrath
  12 fauns
  An iron dragon skeleton (Depths:4)
  17 merfolk sirens
  7 gargoyles
  7 black mambas
  2 dire elephant zombies
  A rust devil (Depths:2)
  7 vault sentinels
  3 eyes of devastation
  2 human skeletons
  A naga mage (Depths:4)
  4 water nymphs
  A dire elephant skeleton (Crypt:3)
  5 torpor snails (Lair:6)
  14 cane toads
  2 cane toads (shapeshifter)
  Joseph (D:9)
  A minotaur zombie (Crypt:3)
  3 smoke demons (Crypt:3)
  4 rime drakes
  4 spectral swamp worms
  A spriggan skeleton (Depths:4)
  67 yaktaurs
  An emperor scorpion zombie (Spider:3)
  2 efreet (D:15)
  2 kobold demonologists (D:12)
  8 komodo dragons
  3 redback zombies (Spider:3)
  A yaktaur (shapeshifter) (Vaults:1)
  A tormentor (D:15)
  A hellwing (Depths:5)
  2 grey draconian skeletons (Crypt:2)
  18 demonic crawlers
  A rime drake (shapeshifter) (Depths:4)
  10 red devils
  2 tengu conjurers
  A yellow draconian skeleton (Crypt:2)
  10 freezing wraiths
  7 wind drakes
  13 polar bears
  33 merfolk
  2 hydra zombies (Crypt:1)
  9 trolls
  A shadow dragon simulacrum (Depths:4)
  A wolf spider simulacrum (D:15)
  4 tyrant leeches (Lair:6)
  2 sphinx simulacra
  5 harpy zombies
  17 jumping spiders
  A tengu simulacrum (Vaults:1)
  A tarantella zombie (Spider:3)
  31 hornets
  A jumping spider zombie (Spider:3)
  113 slime creatures
  4 raiju (Lair:6)
  A raiju (shapeshifter) (Depths:3)
  A stone giant simulacrum (Vaults:1)
  A fire giant simulacrum (Vaults:4)
  24 blink frogs
  7 snapping turtles
  A fire dragon zombie (Depths:1)
  Sigmund (D:5)
  A fire dragon skeleton (Crypt:3)
  A spriggan zombie (Depths:2)
  34 redbacks
  7 vampires
  11 spriggans
  19 tarantellas
  An ettin skeleton (Vaults:4)
  An air elemental (Elf:1)
  3 wyverns
  2 spriggans (shapeshifter)
  7 shadows
  42 yaks
  2 tarantellas (shapeshifter)
  14 wraiths
  Eustachio (D:5)
  6 fire elementals
  10 water elementals
  6 basilisks
  3 golden eyes
  17 vampire mosquitoes
  14 dancing weapons
  3 steam dragons
  Grum (D:8)
  3 human zombies
  12 wargs
  An elf simulacrum (Depths:4)
  A monstrous demonspawn zombie (Crypt:1)
  5 acid dragons
  The ghost of Subbak the Digger, an amateur OpEE (D:4)
  3 small abominations
  12 hell hounds
  5 soldier ants
  2 floating eyes (Depths:3)
  12 water moccasins
  67 orc warriors
  2 manticore zombies (Shoals:2)
  A sky beast (shapeshifter) (Vaults:1)
  3 sky beasts
  A cane toad skeleton (Crypt:3)
  13 eyes of draining
  A spriggan simulacrum (Depths:2)
  An eye of draining (shapeshifter) (D:15)
  A phantom (D:6)
  15 black bears
  4 ice beasts
  26 ogres
  4 necrophages
  18 wolves
  13 boggarts
  A tengu (shapeshifter) (Depths:4)
  2 manticore skeletons
  35 centaurs
  A snapping turtle skeleton (Crypt:2)
  2 big kobolds (D:10)
  26 bullfrogs
  4 earth elementals
  2 water moccasin zombies
  A yaktaur skeleton (Crypt:1)
  A wyvern zombie (D:14)
  Dowan (D:5)
  2 wyvern skeletons
  A cyclops skeleton (Crypt:2)
  A polar bear zombie (Crypt:2)
  14 scorpions
  12 wights
  9 killer bees
  A howler monkey (D:14)
  2 electric eels
  5 centaur zombies
  A quasit (D:12)
  4 bullfrog zombies
  A wyvern simulacrum (D:12)
  15 hounds
  27 orc priests
  6 jellies
  3 bullfrog skeletons
  4 centaur skeletons
  An iguana (D:10)
  23 orc wizards
  31 worker ants
  2 killer bee zombies
  A sky beast zombie (Crypt:2)
  A bullfrog simulacrum (D:13)
  A dwarf skeleton (Crypt:1)
  A naga skeleton (Crypt:1)
  A hound skeleton (D:5)
  A gnoll (shapeshifter) (Vaults:4)
  16 adders
  A white imp (Vaults:1)
  2 ufetubi
  5 oozes
  5 worms
  A dart slug (D:1)
  7 leopard geckos
  119 orcs
  3 ball pythons
  5 giant cockroaches
  9 goblins
  6 hobgoblins
  13 jackals
  13 kobolds
  6 quokkas
  13 bats
  11 frilled lizards
  A giant cockroach zombie (D:5)
  A gnoll skeleton (Crypt:1)
  A quokka skeleton (D:7)
  8 rats
  A rat zombie (Crypt:1)
  9 crawling corpses (Spider:3)
  6 fulminant prisms
  A macabre mass (Depths:4)
2563 creatures vanquished.

Vanquished Creatures (collateral kills)
  A golden dragon (Depths:5)
  A fire giant (Depths:1)
  A very ugly thing (Depths:3)
  A yellow draconian (Depths:5)
  A great orb of eyes (Depths:3)
  An ettin (Depths:1)
  A yaktaur captain (Depths:5)
  A boulder beetle (Spider:3)
  A vault guard (D:13)
  A caustic shrike simulacrum (Depths:1)
  2 two-headed ogres
  A faun (Shoals:2)
  A fire giant zombie (Depths:1)
  A wolf spider (Spider:3)
  An ugly thing (Depths:1)
  Psyche (D:10)
  A yaktaur (Vaults:4)
  A yaktaur skeleton (Depths:1)
  A harpy zombie (Shoals:2)
  2 hornets
  A tarantella zombie (Spider:3)
  2 redbacks
  A yak (Lair:5)
  2 soldier ants (Spider:3)
  Duvessa (D:5)
  An orc warrior (Bailey)
  An ogre (Vaults:4)
  A scorpion (Spider:3)
  A centaur skeleton (D:8)
  4 worker ants (Spider:3)
  2 crawling corpses (Spider:3)
39 creatures vanquished.

Vanquished Creatures (others)
  An ironheart preserver (Vaults:3)
  3 deep trolls
  A flayed ghost (Vaults:3)
  A harpy (Shoals:4)
  A deep elf mage (Vaults:3)
  A salamander (Depths:3)
  A spectral swamp worm (Depths:4)
  A yaktaur (Vaults:3)
  A slime creature (Slime:1)
  5 dancing weapons
  2 yaks (Lair:6)
  A centaur (Vaults:3)
  A kobold (D:11)
  652 fulminant prisms
  110 fungi
  225 plants
  37 withered plants
1044 creatures vanquished.

Grand Total: 3646 creatures vanquished

Notes
Turn   | Place    | Note
-------+----------+-------------------------------------------
     0 | D:1      | Bombadill the Mummy Conjurer began the quest for the Orb.
     0 | D:1      | Reached XP level 1. HP: 13/13 MP: 4/4
   573 | D:1      | Reached XP level 2. HP: 20/20 MP: 3/6
  1610 | D:1      | Reached skill level 1 in Fighting
  1613 | D:1      | Learned a level 2 spell: Searing Ray
  1725 | D:2      | Found a shadowy altar of Dithmenos.
  1732 | D:2      | Became a worshipper of Dithmenos the Shadowed
  1830 | D:1      | Reached XP level 3. HP: 18/27 MP: 2/7
  2201 | D:2      | Reached XP level 4. HP: 30/34 MP: 2/9
  3233 | D:3      | Learned a level 3 spell: Dazzling Flash
  3238 | D:3      | Found a sacrificial altar of Ru.
  3271 | D:3      | Reached * piety under Dithmenos
  3535 | D:4      | Reached XP level 5. HP: 41/41 MP: 6/11
  3610 | D:4      | Found a runed translucent door.
  3610 | D:4      | Noticed Subbak's ghost (amateur OpEE)
  3636 | D:4      | Noticed an orc warrior
  3941 | D:3      | Found a faded altar of an unknown god.
  5427 | D:4      | Reached skill level 5 in Spellcasting
  5732 | D:4      | Reached XP level 6. HP: 48/48 MP: 9/13
  6176 | D:5      | Entered Level 5 of the Dungeon
  6176 | D:5      | Noticed Eustachio
  6182 | D:5      | Killed Eustachio
  6292 | D:5      | Reached XP level 7. HP: 54/54 MP: 10/16
  6353 | D:5      | Reached ** piety under Dithmenos
  6596 | D:5      | Reached skill level 5 in Conjurations
  6919 | D:5      | Learned a level 1 spell: Animate Skeleton
  6952 | D:5      | Reached skill level 1 in Necromancy
  7073 | D:5      | Reached skill level 5 in Fighting
  7116 | D:5      | Noticed Duvessa
  7130 | D:5      | Killed Duvessa
  7132 | D:5      | Noticed Dowan
  7143 | D:5      | Killed Dowan
  7144 | D:5      | Reached XP level 8. HP: 46/64 MP: 10/17
  7300 | D:5      | Noticed Sigmund
  7335 | D:5      | Found a staircase to the Ecumenical Temple.
  7358 | D:5      | Identified the Disquisition on Earthen Transmigration
  7473 | D:6      | Found a glowing drain.
  7524 | Sewer    | Entered a sewer
  8402 | D:6      | Reached *** piety under Dithmenos
  8622 | D:6      | Reached skill level 1 in Hexes
  9386 | D:6      | Reached skill level 1 in Armour
  9576 | D:7      | Got a creamy pearl robe
  9638 | D:7      | Identified the cursed +1 robe of Chill Winds {SInv} (You
                  | found it on level 7 of the Dungeon)
  9768 | D:7      | Found a runed translucent door.
  9769 | D:7      | Noticed Crazy Yiuf
 10245 | D:7      | Reached XP level 9. HP: 69/69 MP: 17/21
 10361 | D:7      | Found Peimae's Armour Shoppe.
 11274 | D:7      | Learned a level 3 spell: Tukima's Dance
 12067 | D:8      | Noticed Grum
 12073 | D:8      | Killed Grum
 12285 | D:8      | Found a burning altar of Makhleb.
 12286 | D:8      | Noticed an Executioner
 12292 | D:8      | Noticed a smoke demon
 12661 | D:9      | Found a flagged portal.
 12679 | Bailey   | Entered a bailey
 12688 | Bailey   | Reached **** piety under Dithmenos
 13201 | Bailey   | Reached XP level 10. HP: 62/80 MP: 17/22
 14148 | Bailey   | Reached skill level 1 in Invocations
 14575 | D:9      | Found Babb's Magic Scroll Emporium.
 14584 | D:9      | Bought a scroll of identify for 34 gold pieces
 14584 | D:9      | Bought a scroll of fear for 59 gold pieces
 14584 | D:9      | Bought a scroll of identify for 34 gold pieces
 14584 | D:9      | Bought a scroll of enchant armour for 127 gold pieces
 14584 | D:9      | Bought a scroll of enchant weapon for 127 gold pieces
 14715 | D:9      | Noticed Joseph
 14729 | D:9      | Killed Joseph
 14846 | D:9      | Learned a level 4 spell: Fulminant Prism
 15042 | D:9      | Reached skill level 5 in Hexes
 15681 | D:10     | Entered Level 10 of the Dungeon
 16029 | D:10     | Noticed Sonja
 16058 | D:10     | Killed Sonja
 16231 | D:10     | Learned a level 2 spell: Ensorcelled Hibernation
 16562 | D:10     | Noticed Psyche
 16570 | D:10     | Killed Psyche
 17206 | D:5      | Killed Sigmund
 17369 | D:4      | Found a runed translucent door.
 18134 | D:4      | Killed Subbak's ghost
 18372 | D:11     | Found a staircase to the Orcish Mines.
 18372 | D:11     | Noticed a white ugly thing
 18503 | D:11     | Reached XP level 11. HP: 88/89 MP: 18/23
 18758 | D:11     | Identified the +5 spear of Freezing Optimality {vorpal,
                  | Str-3 Int+4 Dex+2}
 18784 | D:11     | Found Firphue's Armour Emporium.
 18834 | D:11     | Reached ***** piety under Dithmenos
 18984 | D:11     | Bought a +0 cloak for 63 gold pieces
 20062 | D:11     | Found Jeekagow's Jewellery Shoppe.
 20068 | D:11     | Found a staircase to the Lair.
 20181 | Lair:1   | Entered Level 1 of the Lair of Beasts
 20442 | Lair:1   | Reached skill level 10 in Fighting
 20833 | Lair:1   | Noticed a five-headed hydra
 21547 | Lair:1   | Killed a five-headed hydra
 21762 | Lair:1   | Noticed a seven-headed hydra
 21787 | Lair:1   | Noticed a five-headed hydra
 21789 | Lair:1   | Killed a seven-headed hydra
 21896 | Lair:1   | Killed a five-headed hydra
 22287 | Lair:2   | Noticed Gastronok
 22560 | Lair:1   | Reached skill level 10 in Hexes
 22826 | Lair:2   | Reached XP level 12. HP: 97/97 MP: 17/24
 23341 | Lair:2   | Identified the cursed +0 robe of Defence {Slay+3} (You
                  | found it on level 2 of the Lair of Beasts)
 23345 | Lair:2   | Found a staircase to the Shoals.
 23692 | Lair:2   | Killed Gastronok
 24229 | Lair:3   | Found a large runed translucent door.
 24229 | Lair:3   | Found a large runed translucent door.
 24229 | Lair:3   | Noticed Oluanan's ghost (journeyman DsFi)
 24242 | Lair:3   | Found a hole to the Spider Nest.
 25009 | Lair:3   | Noticed a five-headed hydra
 25025 | Lair:3   | Killed a five-headed hydra
 25372 | Lair:3   | Reached skill level 10 in Spellcasting
 26263 | Lair:4   | Reached skill level 5 in Armour
 27129 | Lair:5   | Noticed a death yak
 27157 | Lair:4   | Killed a death yak
 27436 | Lair:5   | Noticed a death yak
 27442 | Lair:5   | Noticed a death yak
 27444 | Lair:5   | Noticed a death yak
 27446 | Lair:5   | Noticed a death yak
 27448 | Lair:5   | Killed a death yak
 27460 | Lair:5   | Killed a death yak
 27467 | Lair:4   | Killed a death yak
 27468 | Lair:4   | Gained mutation: You are in touch with the powers of death.
                  | [Mummy growth]
 27468 | Lair:4   | Reached XP level 13. HP: 75/103 MP: 6/27
 27653 | Lair:5   | Reached skill level 10 in Conjurations
 29425 | Lair:6   | Entered Level 6 of the Lair of Beasts
 29425 | Lair:6   | Found a broken altar of Ashenzari.
 30336 | Lair:6   | Reached ****** piety under Dithmenos
 30654 | Lair:6   | Learned a level 4 spell: Iskenderun's Mystic Blast
 30712 | Lair:6   | Reached skill level 1 in Translocations
 31924 | Lair:6   | Identified the +6 chain mail of Asceticism {+Fly rF- Int+3
                  | Slay+5} (You found it on level 6 of the Lair of Beasts)
 33040 | Lair:6   | Found a staircase to the Slime Pits.
 33882 | Lair:6   | Reached XP level 14. HP: 115/115 MP: 21/30
 33936 | Lair:6   | Found a runed translucent door.
 37214 | D:11     | Bought the ring of Sophism {+Fly rF+ rC+ Str+3 Dex+6} for
                  | 1142 gold pieces
 37330 | Lair:3   | Killed Oluanan's ghost
 37450 | D:11     | Found Jeekagow's Jewellery Shoppe.
 37478 | D:11     | Reached skill level 1 in Evocations
 38123 | D:12     | Found a shadowy altar of Dithmenos.
 39347 | D:12     | Learned a level 3 spell: Mephitic Cloud
 39861 | D:12     | Reached skill level 1 in Poison Magic
 40820 | D:12     | Reached skill level 5 in Evocations
 41499 | D:12     | Found a shadowy altar of Dithmenos.
 42604 | D:13     | Found a bloodstained altar of Trog.
 42888 | D:13     | Learned a level 4 spell: Olgreb's Toxic Radiance
 43063 | D:13     | Reached XP level 15. HP: 116/120 MP: 8/31
 43741 | D:13     | Reached skill level 5 in Poison Magic
 44890 | D:13     | Found a gate to the Vaults.
 45491 | Orc:1    | Entered Level 1 of the Orcish Mines
 46497 | Orc:1    | Found a bloodstained altar of Trog.
 46769 | Orc:1    | Found a runed translucent door.
 46770 | Orc:1    | Found a shimmering altar of Xom.
 46770 | Orc:1    | Noticed GrimJard's ghost (journeyman HOAK)
 46864 | Orc:1    | Noticed Josephine
 46876 | Orc:1    | Killed Josephine
 46992 | Orc:1    | Found Laarehe's Armour Shop.
 47221 | Orc:2    | Entered Level 2 of the Orcish Mines
 47221 | Orc:2    | Found a staircase to the Elven Halls.
 47221 | Orc:2    | Noticed an orc warlord
 47511 | Orc:2    | Found an iron altar of Okawaru.
 47535 | Orc:2    | Killed an orc warlord
 50644 | Orc:2    | Found Conu's Weapon Emporium.
 50644 | Orc:2    | Found Bivomot's Jewellery Emporium.
 50645 | Orc:2    | Found Qaluof's Assorted Antiques.
 50645 | Orc:2    | Found Keajur's Jewellery Emporium.
 50660 | Orc:2    | Bought the amulet of the Bull {Inacc rElec} for 147 gold
                  | pieces
 50667 | Orc:2    | Bought a dazzling dagger for 224 gold pieces
 50811 | D:9      | Bought a scroll of identify for 34 gold pieces
 50811 | D:9      | Bought a scroll of fog for 34 gold pieces
 50811 | D:9      | Identified the +3 dagger "Heteclimol" {flame, rN+ Str+2
                  | Dex+3} (You bought it in a shop on level 2 of the Orcish
                  | Mines)
 52610 | D:15     | Entered Level 15 of the Dungeon
 53843 | D:15     | Noticed Nessos
 53857 | D:15     | Killed Nessos
 54212 | D:15     | Reached XP level 16. HP: 130/130 MP: 18/33
 55066 | D:15     | Found a staircase to the Depths.
 56056 | Shoals:1 | Entered Level 1 of the Shoals
 57865 | Shoals:1 | Reached skill level 5 in Invocations
 58613 | Shoals:1 | Found Qapetha's General Store.
 59880 | Spider:1 | Entered Level 1 of the Spider Nest
 63071 | Shoals:1 | Found Qapetha's General Store.
 66261 | Shoals:3 | Reached XP level 17. HP: 139/139 MP: 26/35
 66619 | Shoals:3 | Found a transporter.
 66622 | Shoals:3 | Noticed dohliylev's ghost (adept MiBe)
 66740 | Shoals:3 | Reached skill level 10 in Invocations
 66966 | Shoals:3 | Identified the cursed +1 chain mail of Kleptomania {*Slow
                  | rF+ Int+6} (You found it on level 3 of the Shoals)
 67022 | Shoals:3 | Reached skill level 1 in Shields
 67083 | Shoals:3 | Found a transporter.
 67667 | Shoals:4 | Entered Level 4 of the Shoals
 67721 | Shoals:4 | Found a transporter.
 67765 | Shoals:4 | Noticed sankara's ghost (adept MiFi)
 68056 | Shoals:4 | Found a transporter.
 69010 | Shoals:3 | Found a transporter.
 69052 | Shoals:3 | Found a transporter.
 71541 | Shoals:4 | Got a barnacled rune of Zot
 72977 | Shoals:4 | Identified the ring "Zeniru" {Ice Will+ Str+3 Stlth+}
 73699 | Vaults:1 | Entered Level 1 of the Vaults
 75007 | Vaults:1 | Learned a level 4 spell: Animate Dead
 75013 | Vaults:1 | Learned a level 5 spell: Borgnjor's Vile Clutch
 75101 | Vaults:1 | Found Jogru's Jewellery Shop.
 75524 | Vaults:1 | Reached skill level 5 in Necromancy
 76344 | Vaults:1 | Identified the +2 helmet of Foezxen {rElec} (You found it
                  | on level 1 of the Vaults)
 77035 | Vaults:1 | Noticed Asterion
 77442 | Vaults:1 | Reached XP level 18. HP: 101/146 MP: 23/36
 79668 | Vaults:2 | Identified a scroll of acquirement
 79683 | Vaults:2 | Acquired the amulet "Poloh" {Reflect rF+++ Will+ Int+4 SH+5
                  | Stlth-}
 82488 | Vaults:2 | Reached skill level 15 in Fighting
 84991 | D:11     | Bought the +8 orange crystal plate armour {Archmagi, Int+3
                  | Clar} for 2023 gold pieces
 84991 | D:11     | Found the +8 orange crystal plate armour {Archmagi, Int+3
                  | Clar}
 87554 | Vaults:3 | Reached skill level 1 in Earth Magic
 88214 | Vaults:3 | Found a staircase to the Crypt.
 88342 | Vaults:3 | You fall into a shaft and drop 1 floor!
 88642 | Vaults:3 | Reached XP level 19. HP: 151/157 MP: 25/37
 90166 | Vaults:3 | Identified Onerul's Handbook of Transmutation
 90597 | Vaults:3 | Reached skill level 15 in Spellcasting
 91195 | Vaults:3 | Found the +6 lightning scales {run, rElec}
 91197 | Vaults:3 | Identified the +0 cloak of Exclusion {Harm Int+3 Dex+2}
                  | (You found it on level 3 of the Vaults)
 91216 | Vaults:3 | Identified a +2 pair of boots of running (You found it on
                  | level 3 of the Vaults)
 92033 | Vaults:4 | Reached skill level 10 in Necromancy
 93961 | Vaults:4 | Reached skill level 5 in Earth Magic
 96624 | Spider:2 | Acquired 612 gold pieces
 96896 | Orc:2    | Bought an uncursed ring of see invisible for 240 gold
                  | pieces
 97476 | Spider:2 | Noticed Aizul
 98135 | Spider:2 | Killed Aizul
 98301 | Spider:2 | Found a runed translucent gate.
 98301 | Spider:2 | Found a runed translucent gate.
 98302 | Spider:2 | Found a runed translucent gate.
 98304 | Spider:2 | Noticed Viti's ghost (journeyman SpAM)
 99108 | Spider:3 | Acquired a book of Burglary
 99117 | Spider:3 | Learned a level 6 spell: Invisibility
 99225 | Spider:3 | Reached XP level 20. HP: 158/164 MP: 35/40
101537 | Spider:4 | Entered Level 4 of the Spider Nest
101652 | Spider:4 | Noticed Arachne
101790 | Spider:3 | Killed Arachne
106076 | Spider:4 | Got a gossamer rune of Zot
106409 | Elf:1    | Entered Level 1 of the Elven Halls
106600 | Elf:1    | Noticed Azrael
106620 | Elf:1    | Killed Azrael
107106 | Elf:1    | Noticed Nikola
107114 | Elf:1    | Reached skill level 10 in Armour
107159 | Elf:1    | Killed Nikola
107544 | Elf:1    | Reached skill level 5 in Dodging
108260 | Elf:1    | Identified the Volume of Creative Attacks
108435 | Elf:2    | Found a shimmering blue altar of Sif Muna.
108735 | Elf:2    | Found a runed translucent gate.
108738 | Elf:2    | Found a runed translucent gate.
108738 | Elf:2    | Found a runed translucent gate.
109166 | Depths:1 | Entered Level 1 of the Depths
109622 | Depths:1 | Reached XP level 21. HP: 171/171 MP: 36/41
109787 | Depths:1 | You fall into a shaft and drop 1 floor!
109792 | Depths:2 | Found a one-way gate to the infinite horrors of the Abyss.
109793 | Depths:2 | Noticed Louise
110459 | Depths:1 | Learned a level 2 spell: Blink
111566 | Depths:1 | Found a gateway to Hell.
111761 | Depths:1 | Found a one-way gate leading to the halls of Pandemonium.
112354 | Depths:2 | Killed Louise
113328 | Depths:2 | You fall into a shaft and drop 1 floor!
115148 | Depths:2 | Found a runed translucent door.
115148 | Depths:2 | Found a runed translucent door.
115826 | Depths:3 | Noticed Mennas
116331 | Crypt:1  | Entered Level 1 of the Crypt
117634 | Vaults:3 | Found a staircase to the Crypt.
119059 | Crypt:1  | Noticed Frederick
119078 | Crypt:1  | Killed Frederick
119327 | Crypt:1  | Learned a level 4 spell: Passage of Golubria
119399 | Vaults:3 | Learned a level 5 spell: Fireball
119732 | Crypt:1  | Reached skill level 10 in Earth Magic
121250 | Crypt:2  | Reached XP level 22. HP: 164/178 MP: 24/44
121998 | Crypt:2  | Reached skill level 5 in Translocations
122273 | Crypt:2  | Learned a level 7 spell: Orb of Destruction
122281 | Crypt:2  | Learned a level 6 spell: Iron Shot
122412 | Crypt:3  | Entered Level 3 of the Crypt
122611 | Crypt:3  | Reached skill level 1 in Fire Magic
123582 | Crypt:3  | Found the +7 sceptre of Torment {pain, torment}
123592 | Crypt:3  | Got a slimy jade ring
123592 | Crypt:3  | Got a glittering lapis lazuli ring
123592 | Crypt:3  | Got a translucent iron ring
123595 | Crypt:3  | Identified the ring "Vyuczuta" {rN+ Str+4 Slay+2 SInv} (You
                  | found it on level 3 of the Crypt)
123597 | Crypt:3  | Identified the ring "Docuxuch" {rN+ Will++ Str-2 Dex+6}
                  | (You found it on level 3 of the Crypt)
123602 | Crypt:3  | Identified the ring "Ihoimemu" {rN+ Int-3 Dex+4 SInv} (You
                  | found it on level 3 of the Crypt)
124884 | Crypt:3  | Identified the Disquisition on Earth and the Birds
124954 | Crypt:3  | Found a staircase to the Tomb.
124954 | Crypt:3  | Noticed an ancient lich
124958 | Crypt:3  | Killed an ancient lich
125242 | Crypt:3  | Identified the cursed +0 flail "Jimu" {protect, Str+2 Dex+3
                  | Stlth+} (You found it on level 3 of the Crypt)
125632 | Crypt:3  | Identified the Catalogue of Shifting Confrontation
126639 | Crypt:3  | Found an ancient bone altar of Kikubaaqudgha.
126699 | Crypt:3  | Noticed an ancient lich
126706 | Crypt:3  | Killed an ancient lich
127362 | Elf:3    | Entered Level 3 of the Elven Halls
127664 | Elf:3    | Found Hieluets's Antique Armour Boutique.
127678 | Elf:3    | Bought a crude ring mail for 315 gold pieces
127678 | Elf:3    | Identified the +1 ring mail of the Spheres {Will+ Str+4
                  | Dex+3} (You bought it in a shop on level 3 of the Elven
                  | Halls)
128553 | Elf:3    | Identified the +6 plate armour "Kokuafat" {rPois Will+
                  | Int-2 Dex+4}
128727 | Elf:3    | Identified the +6 long sword of the Original Sin {vorpal,
                  | rC+}
128727 | Elf:3    | Identified the cursed +0 buckler of the King of Cups {+Fly
                  | rPois Dex-5 SInv}
129853 | Elf:3    | Identified the +4 executioner's axe of Ancient Evil {drain,
                  | Will+ Str+4 Int-5}
130672 | Elf:3    | Identified Sif Muna's Disquisition on the Ensnaring Blaze
130699 | Elf:3    | Identified Ithrim's Papyrus of Lethal Earth
131088 | Vaults:1 | Killed Asterion
131089 | Vaults:1 | Reached skill level 15 in Conjurations
131984 | Depths:2 | Identified the +8 war axe "Trog's Scorn" {venom, rN+ Will+}
132159 | Depths:2 | Identified the cursed +1 troll leather armour of Noughts
                  | and Crosses {Harm *Drain rF+++ Regen+}
132159 | Depths:2 | Identified the ring "Feysoz" {rF+ Int+2 SInv Stlth+}
132378 | Depths:3 | Noticed Jory
132380 | Depths:3 | Noticed Boris
132427 | Depths:3 | Killed Boris
132428 | Depths:3 | Reached XP level 23. HP: 184/184 MP: 20/45
132815 | Depths:3 | Killed Jory
133097 | Depths:3 | Killed Mennas
134473 | Depths:3 | Noticed Margery
134605 | Depths:3 | Killed Margery
135637 | Depths:3 | Noticed a juggernaut
136150 | Depths:3 | Killed a juggernaut
137361 | Depths:3 | Identified the +1 scale mail "Poadier" {rN+ rCorr Stlth-}
                  | (You found it on level 3 of the Depths)
137502 | Depths:4 | Noticed Sojobo
137866 | Depths:4 | Killed Sojobo
139026 | Depths:4 | Noticed the Enchantress
139028 | Depths:4 | Killed the Enchantress
139879 | Depths:4 | Reached XP level 24. HP: 181/191 MP: 25/45
139976 | Depths:4 | Identified Peoshrul's Reference Book on Unholy Secrets
141877 | Depths:4 | Reached skill level 10 in Evocations
144565 | Depths:5 | Entered Level 5 of the Depths
145612 | Depths:5 | Found a portal to a secret trove of treasure.
145753 | Depths:5 | You paid a toll of a +6 demon blade to enter a treasure
                  | trove
145754 | Trove    | Entered a treasure trove
145787 | Trove    | Identified Sif Muna's Disquisition on the Spatial Birds
145797 | Trove    | Identified Wunod's Papyrus of Companions and Transformation
145806 | Trove    | Identified Sif Muna's Tome of Unstable Calling
145879 | Depths:5 | Found a gateway to a ziggurat.
146914 | Depths:5 | Found a gate to the Realm of Zot.
148315 | Slime:1  | Entered Level 1 of the Pits of Slime
149817 | Slime:1  | Reached XP level 25. HP: 203/203 MP: 7/47
151741 | Slime:5  | Entered Level 5 of the Pits of Slime
152638 | Slime:5  | Noticed the Royal Jelly
153487 | Slime:5  | Killed the Royal Jelly
154008 | Slime:5  | Found the +8 storm bow {elec, penet}
154013 | Slime:5  | Identified the +2 pair of boots of the Cricket {Dex+6} (You
                  | found it on level 5 of the Pits of Slime)
154016 | Slime:5  | Identified the +8 trident of the Moon {protect, +Fly rElec}
                  | (You found it on level 5 of the Pits of Slime)
154050 | Slime:5  | Got a slimy rune of Zot
154089 | Slime:5  | Identified the cursed +2 hand crossbow "Omoppyro" {flame,
                  | Dex+2} (You found it on level 5 of the Pits of Slime)
154493 | Zot:1    | Entered Level 1 of the Realm of Zot
155017 | Zot:1    | Noticed an orb of fire
155024 | Zot:1    | Killed an orb of fire
157591 | Zot:2    | Got a crude pewter ring
157592 | Zot:2    | Identified the ring of the Scarab {Fire rElec rN+ Will+
                  | Dex-4} (You found it on level 2 of the Realm of Zot)
158915 | Zot:3    | Found a transporter.
158915 | Zot:3    | Found a transporter.
158967 | Zot:3    | Noticed an orb of fire
159523 | Zot:3    | Gained mutation: You are strongly in touch with the powers
                  | of death. [Mummy growth]
159523 | Zot:3    | Reached XP level 26. HP: 207/215 MP: 10/47
162295 | Zot:4    | Noticed an orb of fire
162301 | Zot:4    | Killed an orb of fire
165171 | Zot:5    | Entered Level 5 of the Realm of Zot
166638 | Zot:5    | Noticed an ancient lich
166640 | Zot:5    | Killed an ancient lich
166708 | Zot:5    | Noticed an ancient lich
166711 | Zot:5    | Killed an ancient lich
167365 | Zot:5    | Noticed an orb of fire
167373 | Zot:5    | Killed an orb of fire
167486 | Zot:5    | Reached XP level 27. HP: 217/228 MP: 29/47
168093 | Zot:5    | Noticed an orb of fire
168098 | Zot:5    | Killed an orb of fire
168099 | Zot:5    | Noticed an orb of fire
168202 | Zot:5    | Noticed an orb of fire
168204 | Zot:5    | Killed an orb of fire
168210 | Zot:5    | Killed an orb of fire
168211 | Zot:5    | Noticed an orb of fire
168354 | Zot:5    | Killed an orb of fire
168537 | Zot:5    | Noticed an ancient lich
168717 | Zot:5    | Killed an ancient lich
170009 | Zot:5    | Noticed an orb of fire
170027 | Zot:5    | Killed an orb of fire
171021 | Zot:5    | Got the Orb of Zot
171351 | Depths:4 | Noticed Syshye the pandemonium lord
171692 | D:4      | Noticed a seraph
171789 | D:$      | Escaped with the Orb!

Illustrated notes

Levels and vault maps discovered:
D:1:      sevenhm_arrival_forest_fort_large_2, layout_loops_cross
D:2:      layout_rooms, minmay_misc_feat_iff, grunt_dithmenos_smoke_and_mirrors
D:3:      layout_loops_cross, nicolae_ru_awakened_eye,
          chequers_ecumenical_altar_simple, nrook_campfire
D:4:      layout_loops_ring, gammafunk_ghost_grave
D:5:      layout_rooms, minmay_temple_entry_trees, uniq_duvessa, uniq_eustachio,
          uniq_sigmund
D:6:      layout_loops_cross, portal_sewer_entry_f
D:7:      minmay_flawed_box, layout_basic, serial_shops, kennysheep_mini,
          uniq_crazy_yiuf_cottage
D:8:      layout_gridville, makhleb_altar_promises_db, uniq_grum
D:9:      layout_loops_corners, enter_bailey_4, serial_shops, shop_scrolls,
          uniq_joseph
D:10:     layout_long_grid, minivault_14, patterned_corridor, uniq_sonja,
          uniq_psyche
D:11:     layout_loops_ring, due_lair_maze_entry_diamond, orc_david_3,
          gauntlet_entry_generic, minmay_shop_enchanted_jewellery
D:12:     minmay_quarter_circles, layout_basic, basic_altar,
          hangedman_decor_opposing
D:13:     layout_rooms, david_vaults_5, corexii_corridor_pit,
          trog_ov_bears_minmay
D:14:     layout_cross, nrook_mini_backslash, argonaut_gorgonesque
D:15:     hangedman_depths_entry_civil_slaughter, layout_stronghold,
          st_stairs_9, uniq_nessos
Lair:1:   layout_long_grid
Lair:2:   layout_big_grid, minmay_shoals_entry_lonely_mermaid, uniq_gastronok
Lair:3:   layout_cave_pods, dummy_spider_entry, ebering_ghost_disaster_area,
          serial_bayou_pond_d, minmay_lair_oklob_chamber
Lair:4:   layout_gridlike, serial_rivers, chequers_serial_rivers_large_a,
          chequers_serial_rivers_small_3, chequers_serial_rivers_small_b,
          chequers_serial_rivers_marsh, chequers_serial_rivers_micro_d
Lair:5:   layout_long_grid, nicolae_lair_grove_arrangements
Lair:6:   hangedman_lair_caniforms_friends, layout_cave_pods, wormcave,
          nicolae_slime_entry_slimehenge, basic_altar
Shoals:1: nicolae_shoals_island_circles, layout_shoals, nicolae_shoals_c_island
Shoals:2: layout_shoals, nicolae_shoals_undead_eyrie
Shoals:3: layout_shoals, gammafunk_ghost_berserking_beasts
Shoals:4: shoals_end_grunt_ice, layout_shoals, gammafunk_ghost_berserking_beasts
Spider:1: layout_spider_delve
Spider:2: layout_spider_delve, gammafunk_ghost_tricky_traps, uniq_aizul
Spider:3: hangedman_creepy_crawlies, drop_trap
Spider:4: guppyfry_spider_rune, drop_trap, uniq_arachne
Slime:1:  layout_caves
Slime:2:  layout_caves
Slime:3:  layout_caves
Slime:4:  layout_caves
Slime:5
Orc:1:    layout_caves, ebering_ghost_xom, basic_altar, serial_shops,
          nicolae_shop_crystal, uniq_josephine
Orc:2:    st_orc_pillars, layout_caves, nicolae_orc_flooded_monolith,
          nicolae_orc_stony_grotto, okawaru_metal_pillars_1_2
Elf:1:    minmay_elf_arrival_circle, layout_geoelf_octagon, minmay_elf_sorcery,
          grunt_ministairs_9, uniq_nikola, uniq_azrael
Elf:2:    layout_geoelf_octagon, basic_altar
Elf:3:    minmay_elf_hall_x, layout_loops_ring, serial_shops, shop
Vaults:1: nicolae_vaults_little_squares_3, ontoclasm_vaults_idyll,
          hangedman_vaults_slice, vaults_mumra_chevron,
          nicolae_vaults_little_squares_6, ontoclasm_vaults_eye, v_misc_26,
          serial_ice_b, v_pattern_2, grunt_vaults_twisty,
          layout_vaults_chaotic_city, serial_shops, shop, uniq_asterion
Vaults:2: vaults_mumra_chevron_long, nicolae_vaults_rhombus_6, v_pattern_1,
          vaults_room_hallway, v_alt_pattern_3, nicolae_vaults_shelves_hall,
          vaults_dpeg_ring, v_misc_17, layout_vaults_quadrants
Vaults:3: hangedman_vaults_nodes, v_misc_8, blue_anna_dwarven_crypt,
          vaults_room_grid, v_rooms_2, vaults_room_octagon,
          ontoclasm_vaults_echo, vaults_dpeg_doors, vaults_room_pool,
          layout_vaults_big_cross, serial_shops, freezing_bzr
Vaults:4: ontoclasm_vaults_bender, v_misc_24, v_misc_5, v_misc_33,
          ontoclasm_vaults_idyll, vaults_mumra_hex, hangedman_vaults_trim,
          nicolae_vaults_ring_of_whatevers, hangedman_vaults_capsules,
          hangedman_vaults_corner_blocks, vaults_room_fours,
          nicolae_vaults_little_squares_4, ontoclasm_vaults_shuriken,
          layout_vaults_ring
Crypt:1:  layout_rooms, roderic_lattice_octagonal_star, uniq_frederick
Crypt:2:  layout_regular_city
Crypt:3:  quadcrypt_mu
Depths:1: layout_basic, hangedman_geh_valley, pan_entry, minmay_fountain_box,
          hangedman_decor_points, hangedman_decor_peaks_small, minmay_librarian
Depths:2: minmay_the_grid_triangle_9x9_rhombus_full
          [minmay_the_grid_triangle_9x9_negative_grid,
          minmay_the_grid_triangle_9x9_tough_junction,
          minmay_the_grid_triangle_9x9_swiss_cheese,
          minmay_the_grid_triangle_9x9_corrupted_corridor,
          minmay_the_grid_triangle_9x9_checkered,
          minmay_the_grid_triangle_9x9_zippers_vertical,
          minmay_the_grid_triangle_9x9_skeleton,
          minmay_the_grid_triangle_9x9_prize_insulated], layout_gridville,
          mu_enter_wizlab_6, grunt_mini_vestibule,
          nicolae_abyss_entry_one_way_or_another,
          chequers_serial_rivers_micro_d, infiniplex_staircase_pillars_3b
Depths:3: minmay_nested_s, layout_cave_pools, pf_coc_iceberg,
          minmay_misc_feat_columns, pan_entry, uniq_mennas, uniq_boris,
          uniq_jory, uniq_margery
Depths:4: minmay_bloctagon, layout_gridlike, pf_hell_entry_tar_river,
          minmay_misc_feat_encased, pan_entry, abyss_entry, serial_curves,
          eino_curves_01, eino_curves_02, chequers_serial_rivers_micro_c,
          chequers_serial_rivers_room_b, hangedman_research_thanatology,
          infiniplex_staircase_pool_lava, uniq_sojobo, uniq_enchantress
Depths:5: grunt_zot_entry_bicorn, layout_small_grid, enter_ziggurat_b,
          hex_medium, enter_trove_0, hell_entry
Zot:1:    layout_cathedral_of_symmetry, grunt_megastairs_1
Zot:2:    layout_twisted_circle
Zot:3:    gammafunk_the_bubble [the_bubble_gammafunk_plus_minus],
          layout_twisted_circle
Zot:4:    kennysheep_room_grid, layout_cathedral_of_symmetry,
          lemuel_baited_zot_trap
Zot:5:    layout_twisted_circle, skrybe_zot_glass_2

Skill      XL: |  1  2  3  4  5  6  7  8  9 10 11 12 13 14 15 16 17 18 19 20 21 22 23 24 25 26 27 |
---------------+----------------------------------------------------------------------------------+-----
Spellcasting   | 3 4 5 6 8 10 12 13 14 16 18 20 22 | 22.2
Stealth        | 2 3 4 |  4.0
Dodging        | 2 4 6 |  6.0
Fighting       | 1 2 3 4 5 6 7 9 10 12 13 14 16 17 19 21 22 | 22.1
Conjurations   | 4 5 6 7 8 9 10 12 15 17 18 20 | 20.0
Necromancy     | 2 4 7 8 12 | 12.0
Hexes          | 2 4 6 10 12 | 12.0
Armour         | 2 6 8 10 | 10.0
Invocations    | 2 9 12 13 14 | 14.0
Translocations | 4 6 |  6.0
Evocations     | 5 6 9 10 | 10.0
Poison Magic   | 3 8 |  8.0
Shields        | 4 |  4.0
Earth Magic    | 2 6 7 10 12 | 12.0
Fire Magic     | 1 |  1.0

Action                   |  1- 3 |  4- 6 |  7- 9 | 10-12 | 13-15 | 16-18 | 19-21 | 22-24 | 25-27 || total
-------------------------+-------+-------+-------+-------+-------+-------+-------+-------+-------++-------
Melee: Short sword       |    10 |    22 |       |       |       |       |       |       |       ||    32
       Dagger            |       |     6 |    39 |   153 |    71 |     6 |    35 |       |       ||   310
       Staff             |       |       |       |       |    45 |    83 |   246 |    26 |    22 ||   422
 Fire: Hunting sling     |       |       |    46 |       |       |       |       |       |       ||    46
Throw: Dart              |       |    10 |     8 |    10 |       |       |       |       |       ||    28
       Boomerang         |       |       |     7 |     2 |       |       |       |       |       ||     9
 Cast: Magic Dart        |    31 |    25 |    38 |    16 |    12 |   127 |   141 |    28 |    12 ||   430
       Searing Ray       |     9 |    39 |   102 |   143 |   250 |   302 |   213 |    25 |     3 ||  1086
       Animate Skeleton  |       |       |    21 |    24 |    15 |     6 |       |       |       ||    66
       Tukima's Dance    |       |       |     3 |     9 |     3 |    11 |     6 |       |       ||    32
       Fulminant Prism   |       |       |       |    72 |   345 |   111 |   125 |     4 |     2 ||   659
       Dazzling Flash    |       |       |       |     6 |     2 |     1 |       |       |       ||     9
       Ensorcelled Hiber |       |       |       |     5 |     1 |     3 |       |       |       ||     9
       Iskenderun's Myst |       |       |       |       |    31 |   258 |   149 |    49 |    34 ||   521
       Olgreb's Toxic Ra |       |       |       |       |    96 |   361 |   280 |       |       ||   737
       Mephitic Cloud    |       |       |       |       |     1 |    24 |     2 |     3 |       ||    30
       Animate Dead      |       |       |       |       |       |     3 |    24 |     4 |       ||    31
       Borgnjor's Vile C |       |       |       |       |       |     1 |   187 |    27 |    14 ||   229
       Invisibility      |       |       |       |       |       |       |    21 |     6 |    11 ||    38
       Fireball          |       |       |       |       |       |       |    41 |   186 |    39 ||   266
       Passage of Golubr |       |       |       |       |       |       |     2 |     2 |     5 ||     9
       Iron Shot         |       |       |       |       |       |       |       |   253 |   205 ||   458
       Orb of Destructio |       |       |       |       |       |       |       |   240 |   236 ||   476
Invok: Shadow Form       |       |       |       |       |       |     3 |     2 |       |     1 ||     6
       Shadow Step       |       |       |       |       |       |     2 |     3 |       |       ||     5
 Abil: Evoke Flight      |       |       |       |       |       |    44 |       |     2 |       ||    46
       Stop Flying       |       |       |       |       |       |    16 |       |     1 |       ||    17
Evoke: Wand              |       |       |       |     2 |       |    15 |     6 |     8 |     4 ||    35
       Lightning rod     |       |       |       |       |     5 |    11 |    13 |     5 |       ||    34
       Condenser vane    |       |       |       |       |       |     1 |     2 |       |       ||     3
       Tin of tremorston |       |       |       |       |       |       |     1 |     2 |       ||     3
       Phial of floods   |       |       |       |       |       |       |       |     1 |       ||     1
       Phantom mirror    |       |       |       |       |       |       |       |     1 |       ||     1
  Use: Scroll            |     2 |     6 |    11 |    11 |     9 |    15 |    14 |    25 |    14 ||   107
 Stab: Sleeping          |     2 |     1 |       |     1 |       |       |     2 |       |       ||     6
       Distracted        |       |     1 |       |       |       |       |     1 |       |       ||     2
       Paralysed         |       |       |       |     4 |       |       |       |       |       ||     4
       Invisible         |       |       |       |     2 |     2 |       |     7 |       |       ||    11
       Confused          |       |       |       |       |       |     2 |       |       |       ||     2
Armor: Robe              |     1 |     6 |    10 |       |       |       |       |       |       ||    17
       Leather armour    |       |     4 |     4 |       |       |       |       |       |       ||     8
       Scale mail        |       |       |    32 |   214 |   365 |   409 |   551 |   114 |   113 ||  1798
Dodge: Dodged            |    19 |    45 |    75 |   236 |   322 |   435 |   515 |   125 |    86 ||  1858
Block: Buckler           |       |       |       |       |       |   161 |   504 |   132 |    83 ||   880
       Reflection        |       |       |       |       |       |    32 |    43 |    31 |     2 ||   108
